 Dungeon Sprint DCSS version 0.20-a0-1122-gb7cbeb9 (webtiles) character file.

399330 potatolord6000 the Invulnerable (level 20, -14/188 HPs)
             Began as a Deep Dwarf Fighter on May 11, 2017.
             Was an Initiate of Gozag.
             Demolished by the Royal Jelly (25 damage)
             ... while paralysed by a floating eye
             ... in the Dungeon (Sprint IX: "|||||||||||||||||||||||||||||") on May 12, 2017.
             The game lasted 00:46:19 (7698 turns).

potatolord6000 the Invulnerable (DDFi)              Turns: 7698, Time: 00:46:20

Health: -14/188    AC: 36    Str: 32    XL:     20   Next: 60%
Magic:  35/35      EV:  2    Int: 26    God:    Gozag
Gold:   3398       SH:  0    Dex:  5    Spells: 73/73 levels left

rFire    + . .     SeeInvis +   y - +8 hand axe "Tacam" {freeze, rC+++ Str-3 SInv Stlth+}
rCold    + + +     Gourm    .   g - +18 shield of the Gong {rElec rN+ MR+ EV-5}
rNeg     + + +     Faith    .   a - +13 crystal plate armour "Vayll" {Int+7}
rPois    .         Spirit   .   E - +0 helmet of the Disturbing Friends {rC+ MP+9 Int+2}
rElec    +         Reflect  +   o - +0 cloak
rCorr    +         Harm     .   j - +2 pair of gloves {Str+3}
MR       +++..     NoTele   +   p - +1 pair of boots "Xukh" {rC+ rN+ rCorr Int+6}
Stlth    ..........             c - amulet of Vanity {Reflect Str+7 SH+5}
Regen    0.0/turn               n - ring "Sone" {rF+ rC+++ MR- Dex-3 Slay+5}
MPRegen  0.3/turn               D - +4 ring of protection

@: confused, paralysed, corroded, non-regenerating
A: damage resistance, heal wounds, clumsy 2, frail 2, low mp 1, negative energy
resistance 1, sense surroundings 3, weak 1, no regeneration
0: Orb of Zot
}: 6/15 runes: decaying, serpentine, barnacled, elven, silver, gossamer
a: Heal Wounds, Potion Petition, Call Merchant, Bribe Branch, Renounce Religion


You were in the Dungeon.
You worshipped Gozag.
Gozag was most pleased with you.
You were not hungry.

You visited 1 branch You collected 43905 gold pieces.
You spent 12891 gold pieces at shops.
You paid 27616 gold pieces to Gozag.

Inventory:

Hand Weapons
 y - the +8 hand axe "Tacam" (weapon) {freeze, rC+++ Str-3 SInv Stlth+}
   (You bought it in a shop in the Dungeon)

   It has been specially enchanted to freeze those struck by it, causing extra
   injury to most foes and up to half again as much damage against particularly
   susceptible opponents.
   It can also slow down cold-blooded creatures.
   It affects your strength (-3).
   It renders you almost immune to cold.
   It lets you see invisible.
   It makes you more stealthy.
Armour
 a - the +13 crystal plate armour "Vayll" (worn) {Int+7}
   (You bought it in a shop in the Dungeon)

   It affects your intelligence (+7).
 g - the +18 shield of the Gong (worn) {rElec rN+ MR+ EV-5}
   (You bought it in a shop in the Dungeon)

   It affects your evasion (-5).
   It insulates you from electricity.
   It protects you from negative energy.
   It affects your resistance to hostile enchantments.
 j - a +2 pair of gloves of strength (worn)
 o - a +0 cloak (worn)
 p - the +1 pair of boots "Xukh" (worn) {rC+ rN+ rCorr Int+6}
   (You bought it in a shop in the Dungeon)

   It affects your intelligence (+6).
   It protects you from cold.
   It protects you from negative energy.
   It protects you from acid and corrosion.
 E - the +0 helmet of the Disturbing Friends (worn) {rC+ MP+9 Int+2}
   (You found it in the Dungeon)

   It affects your intelligence (+2).
   It protects you from cold.
   It affects your magic capacity (+9).
Jewellery
 c - the amulet of Vanity (around neck) {Reflect Str+7 SH+5}
   (You bought it in a shop in the Dungeon)

   [amulet of reflection]

   It shields you and reflects attacks.
   It affects your strength (+7).
   It affects your SH (+5).
 n - the ring "Sone" (left hand) {rF+ rC+++ MR- Dex-3 Slay+5}
   (You bought it in a shop in the Dungeon)

   [ring of protection from fire]

   It affects your dexterity (-3).
   It affects your accuracy and damage with ranged weapons and melee attacks
   (+5).
   It protects you from fire.
   It renders you almost immune to cold.
   It affects your resistance to hostile enchantments.
 D - a +4 ring of protection (right hand)
Scrolls
 d - 9 scrolls of remove curse
 k - 7 scrolls of blinking
 l - 2 scrolls of amnesia
 r - 2 scrolls of recharging
 s - 2 scrolls of fog
 w - 4 scrolls of fear
 A - 3 scrolls of identify
 I - 4 scrolls of enchant weapon
Potions
 b - a potion of lignification {unknown}
 e - 2 potions of curing
 h - a potion of brilliance
 i - 4 potions of magic
 q - 3 potions of berserk rage
 z - 3 potions of haste
 B - 2 potions of mutation
Books
 v - a book of Air

   Spells                             Type                      Level
   a - Shock                          Conjuration/Air              1
   b - Swiftness                      Charms/Air                   2
   c - Static Discharge               Conjuration/Air              3
   d - Airstrike                      Air                          4
   e - Lightning Bolt                 Conjuration/Air              5
 x - the Handbook of Toxic Cold
   (You found it in the Dungeon)

   Spells                             Type                      Level
   a - Throw Frost                    Conjuration/Ice              2
   b - Spider Form                    Transmutation/Poison         3
   c - Summon Ice Beast               Ice/Summoning                4
   d - Alistair's Intoxication        Transmutation/Poison         5
   e - Ozocubu's Refrigeration        Ice                          6
Comestibles
 f - 14 bread rations
 t - 40 fruits
 u - 7 meat rations


   Skills:
 O Level 27 Fighting
 O Level 27 Axes
 + Level 18.0 Throwing
 O Level 27 Armour
 + Level 24.2 Dodging
 + Level 23.8 Stealth
 O Level 27 Shields
 + Level 18.0 Unarmed Combat
 O Level 27 Spellcasting


You had 73 spell levels left.
You didn't know any spells.

Dungeon Overview and Level Annotations

Branches:
Dungeon (1/1)

Altars:
Cheibriados
Dithmenos
Elyvilon
Fedhas
Gozag
Hepliaklqana
Kikubaaqudgha
Makhleb
Nemelex Xobeh
Okawaru
Qazlal
Ru
Sif Muna
Trog
Uskayaw
Vehumet
Wu Jian
Xom
Yredelemnul
Zin
The Shining One
Beogh
Jiyva
Lugonu

Shops:
D [[*:[(=}([([=[(??:[*

Annotations:
D Royal Jelly


Innate Abilities, Weirdness & Mutations

You are resistant to damage.
You can heal yourself by infusing magical energy.
You resist negative energy. (rN+)
You passively map a large area around you.
You do not regenerate.
You are very clumsy. (Dex -4)
You are very frail. (-20% HP)
Your magical capacity is low. (-10% MP)
You are weak. (Str -2)


Message History

The Royal Jelly hits you but does no damage.
The Royal Jelly hits you.
* * * LOW HITPOINT WARNING * * *
You are splashed with acid!
The acid burns!
You resist.
* * * LOW HITPOINT WARNING * * *
The golden eye blinks at you. You resist with almost no effort.
The Royal Jelly hits you. The acid corrodes you!
You are splashed with acid!
The acid burns!
You resist.
* * * LOW HITPOINT WARNING * * *
The Royal Jelly hits you.
* * * LOW HITPOINT WARNING * * *
The acid corrodes you!
You are splashed with acid!
The acid burns!
You resist.
* * * LOW HITPOINT WARNING * * *
The azure jelly completely misses you.
The azure jelly hits you but does no damage. x3
The floating eye seems to glare at you. The golden eye blinks at you.
You resist with almost no effort. The Royal Jelly hits you!!
You die...
Your body crumbles into a pile of gold.

* *
▓.▓.▓.▓.▓)▓.▓.▓.▓) ,
,* ▓.▓.▓.▓.▓.▓.▓.▓.▓)
, ,
,▓.▓.▓.▓.▓.▓.▓.▓.▓[ ,
, ,
▓'▓.▓.▓.▓)▓.▓.▓.▓( *+
* *
▓$▓.▓.▓.▓'▓[▓.▓)▓[ ,
,*,▓$▓.▓.▓.▓.▓.▓.▓.▓)
, ,*
▓J▓.▓.▓.▓.▓.▓.▓.▓( ,*
▓J▓.▓.▓.▓.▓.▓.▓.▓[ ,
,*,▓@▓.▓.▓.▓.▓.▓.▓.▓.
* *,*,
,▓J▓.▓.▓.▓.▓.▓.▓.▓∩ ,
,* ▓J▓.▓.▓.▓.▓.▓.▓.▓.
* ▓J▓.▓'▓.▓.▓.▓.▓.▓.
*, *,
▓G▓.▓.▓.▓.▓.▓.▓.▓. *
▓J▓.▓.▓.▓.▓.▓.▓.▓. *
▓G▓∩▓.▓.▓'▓.▓.▓.▓)
*,* *
▓.▓.▓.▓.▓.▓.▓.▓.▓' *
* ▓.▓.▓.▓.▓.▓.▓.▓.


You could see the Royal Jelly, an azure jelly, 4 death oozes, a floating eye and
a golden eye.

Vanquished Creatures
  3 orbs of fire (D)
  2 ancient liches (D)
  Boris (D)
  Sojobo (D)
  Frederick (D)
  A curse toe (D)
  3 Killer Klowns (D)
  Margery (D)
  Nikola (D)
  3 golden dragons (D)
  3 electric golems (D)
  3 liches (D)
  A titan (D)
  4 tentacled monstrosities (D)
  26 Orb Guardians (D)
  A deep elf master archer (D)
  2 deep elf blademasters (D)
  A quicksilver dragon (D)
  6 acid blobs (D)
  A sphinx (D)
  6 azure jellies (D)
  6 storm dragons (D)
  2 tengu reavers (D)
  Ilsuiw (D)
  3 nagarajas (D)
  8 shadow dragons (D)
  A draconian monk (D)
  4 fire giants (D)
  A deep elf sorcerer (D)
  2 vault wardens (D)
  3 frost giants (D)
  2 draconian knights (D)
  2 draconian stormcallers (D)
  Aizul (D)
  5 ghost moths (D)
  3 draconian shifters (D)
  5 emperor scorpions (D)
  Louise (D)
  3 ironheart preservers (D)
  A war gargoyle (D)
  A draconian annihilator (D)
  3 stone giants (D)
  2 very ugly things (D)
  2 entropy weavers (D)
  A deep elf demonologist (D)
  A green draconian (D)
  10 vampire knights (D)
  4 purple draconians (D)
  4 black draconians (D)
  6 deep elf annihilators (D)
  5 white draconians (D)
  A yellow draconian (D)
  3 red draconians (D)
  5 fire dragons (D)
  2 death oozes (D)
  A deep elf death mage (D)
  4 ettins (D)
  2 merfolk javelineers (D)
  A crystal guardian (D)
  4 merfolk impalers (D)
  2 great orbs of eyes (D)
  3 yaktaur captains (D)
  4 naga warriors (D)
  2 ice dragons (D)
  5 hydras (D)
  2 deep elf high priests (D)
  Harold (D)
  A rakshasa (D)
  25 vault guards (D)
  A spriggan air mage (D)
  An anaconda (D)
  An alligator snapping turtle (D)
  A merfolk avatar (D)
  A death knight (D)
  6 merfolk aquamancers (D)
  2 centaur warriors (D)
  An ogre mage (D)
  A deep troll shaman (D)
  5 orc high priests (D)
  2 deep troll earth magi (D)
  A naga sharpshooter (D)
  3 hell knights (D)
  2 deep elf knights (D)
  8 swamp dragons (D)
  A skeletal warrior (D)
  2 glowing orange brains (D)
  2 deep elf archers (D)
  An ironbrand convoker (D)
  4 lindwurms (D)
  A wolf spider (D)
  A necromancer (D)
  2 harpies (D)
  9 orc knights (D)
  2 ugly things (D)
  2 orc sorcerers (D)
  A manticore (D)
  11 moths of wrath (D)
  An oklob plant (D)
  A cyclops (D)
  A guardian serpent (D)
  Joseph (D)
  Psyche (D)
  2 naga magi (D)
  A water nymph (D)
  5 black mambas (D)
  A gargoyle (D)
  5 spiny frogs (D)
  A guardian serpent (shapeshifter) (D)
  A vault sentinel (D)
  4 demonic crawlers (D)
  A rime drake (D)
  3 yaktaurs (D)
  2 jumping spiders (D)
  2 tengu conjurers (D)
  2 merfolk (D)
  2 tyrant leeches (D)
  4 hornets (D)
  A slime creature (D)
  A snapping turtle (D)
  3 redbacks (D)
  A shadow (D)
  11 spriggans (D)
  A tarantella (D)
  2 wyverns (D)
  A wraith (D)
  A yak (D)
  3 vampire mosquitoes (D)
  5 nagas (D)
  An acid dragon (D)
  A swamp worm (shapeshifter) (D)
  A water moccasin (D)
  3 porcupines (D)
  A floating eye (D)
  3 swamp drakes (D)
  An eye of draining (shapeshifter) (D)
  9 orc warriors (D)
  A black bear (D)
  A sky beast (D)
  A boggart (D)
  A wolf (D)
  A centaur (D)
  2 bullfrogs (D)
  A scorpion (D)
  A crimson imp (D)
  3 orc priests (D)
  An iguana (D)
  3 orc wizards (D)
  A worker ant (D)
  An adder zombie (D)
  2 worms (D)
  A dart slug (D)
  12 orcs (D)
  3 bat skeletons (D)
  A quokka (D)
  A ball python (D)
  3 bats (D)
  2 giant cockroach zombies (D)
  A jackal simulacrum (D)
  A jackal zombie (D)
  2 leopard gecko skeletons (D)
445 creatures vanquished.

Vanquished Creatures (others)
  A deep elf master archer (D)
  A nagaraja (D)
  An ironbrand convoker (D)
  A yaktaur (D)
4 creatures vanquished.

Grand Total: 449 creatures vanquished

Notes
Turn   | Place    | Note
-------+----------+-------------------------------------------
     0 | D        | potatolord6000 the Deep Dwarf Fighter began the quest for the Orb.
     0 | D        | Reached XP level 1. HP: 20/20 MP: 1/1
    23 | D        | Reached skill level 1 in Dodging
    39 | D        | Noticed a scorpion
    41 | D        | Reached XP level 2. HP: 26/28 MP: 2/2
    57 | D        | Killed a scorpion
    57 | D        | Reached skill level 5 in Armour
    57 | D        | Reached XP level 3. HP: 29/36 MP: 3/3
    65 | D        | Found a roughly hewn altar of Beogh.
    65 | D        | Found a snail-covered altar of Cheibriados.
    65 | D        | Found a shadowy altar of Dithmenos.
    65 | D        | Found a white marble altar of Elyvilon.
    65 | D        | Found a blossoming altar of Fedhas.
    65 | D        | Found an opulent altar of Gozag.
    66 | D        | Found a hazy altar of Hepliaklqana.
    67 | D        | Found a viscous altar of Jiyva.
    68 | D        | Found an ancient bone altar of Kikubaaqudgha.
    69 | D        | Found a corrupted altar of Lugonu.
    70 | D        | Found a burning altar of Makhleb.
    71 | D        | Found a sparkling altar of Nemelex Xobeh.
    72 | D        | Found an iron altar of Okawaru.
    73 | D        | Became a worshipper of Gozag Ym Sagoz the Greedy
    74 | D        | Found a stormy altar of Qazlal.
    77 | D        | Found a sacrificial altar of Ru.
    78 | D        | Found a deep blue altar of Sif Muna.
    79 | D        | Found a bloodstained altar of Trog.
    80 | D        | Found a hide-covered altar of Uskayaw.
    81 | D        | Found a radiant altar of Vehumet.
    82 | D        | Found an ornate altar of the Wu Jian Council.
    83 | D        | Found a shimmering altar of Xom.
    84 | D        | Found a basalt altar of Yredelemnul.
    85 | D        | Found a glowing silver altar of Zin.
    86 | D        | Found a glowing golden altar of the Shining One.
   141 | D        | Noticed a centaur
   141 | D        | Noticed a sky beast
   146 | D        | Killed a centaur
   146 | D        | Reached skill level 5 in Fighting
   146 | D        | Reached skill level 5 in Axes
   146 | D        | Reached skill level 5 in Dodging
   146 | D        | Reached XP level 4. HP: 34/46 MP: 4/4
   152 | D        | Killed a sky beast
   152 | D        | Reached XP level 5. HP: 41/55 MP: 5/5
   213 | D        | Noticed a shadow
   213 | D        | Noticed a gargoyle
   213 | D        | Noticed a centaur warrior
   221 | D        | Killed a shadow
   221 | D        | Reached XP level 6. HP: 66/66 MP: 6/6
   229 | D        | Killed a gargoyle
   229 | D        | Reached XP level 7. HP: 74/74 MP: 7/7
   233 | D        | Killed a centaur warrior
   233 | D        | Reached skill level 10 in Axes
   233 | D        | Reached skill level 10 in Armour
   233 | D        | Reached skill level 10 in Dodging
   233 | D        | Reached XP level 8. HP: 85/85 MP: 8/8
   352 | D        | Noticed a six-headed hydra
   352 | D        | Noticed a spiny frog
   361 | D        | Killed an 11-headed hydra
   361 | D        | Gained mutation: You passively map the area around you. [Deep Dwarf growth]
   361 | D        | Reached XP level 9. HP: 93/93 MP: 9/9
   363 | D        | Reached skill level 10 in Fighting
   368 | D        | Killed a spiny frog
   371 | D        | Noticed a spiny frog
   389 | D        | Killed a spiny frog
   517 | D        | Noticed a rime drake
   517 | D        | Noticed a spiny frog
   517 | D        | Noticed a black mamba
   523 | D        | Killed a rime drake
   530 | D        | Killed a spiny frog
   535 | D        | Reached XP level 10. HP: 96/104 MP: 10/10
   536 | D        | Noticed an oklob plant
   545 | D        | Killed a black mamba
   571 | D        | Killed an oklob plant
   602 | D        | Bought a pair of runed boots for 255 gold pieces
   602 | D        | Bought a pair of runed gloves for 255 gold pieces
   622 | D        | Noticed a lindwurm
   622 | D        | Noticed a lindwurm
   622 | D        | Noticed a lindwurm
   629 | D        | Killed a lindwurm
   651 | D        | Killed a lindwurm
   657 | D        | Killed a lindwurm
   658 | D        | Noticed a lindwurm
   664 | D        | Killed a lindwurm
   721 | D        | Noticed Joseph
   733 | D        | Killed Joseph
   777 | D        | Noticed Harold
   779 | D        | Noticed Psyche
   787 | D        | Killed Psyche
   787 | D        | Reached XP level 11. HP: 95/115 MP: 10/10
   804 | D        | Killed Harold
   838 | D        | Noticed an orc knight
   868 | D        | Killed an orc knight
   901 | D        | Noticed an orc sorcerer
   902 | D        | Noticed an orc knight
   907 | D        | Killed an orc sorcerer
   907 | D        | Reached skill level 15 in Armour
   920 | D        | Killed an orc knight
   920 | D        | Reached skill level 15 in Axes
   927 | D        | Noticed an orc knight
   935 | D        | Reached skill level 15 in Dodging
   950 | D        | Killed an orc knight
  1147 | D        | Bought the +18 shield of the Gong {rElec rN+ MR+ EV-5} for 3308 gold pieces
  1301 | D        | Found Wiwnatob's Weapon Emporium.
  1301 | D        | Noticed an orc high priest
  1301 | D        | Noticed an orc high priest
  1301 | D        | Noticed an orc knight
  1301 | D        | Noticed an orc high priest
  1302 | D        | Noticed an orc high priest
  1312 | D        | Killed an orc high priest
  1314 | D        | Noticed a sixfirhy
  1323 | D        | Found Teluajut's Magic Scroll Shoppe.
  1323 | D        | Noticed an orc knight
  1341 | D        | Noticed an orc knight
  1350 | D        | Killed an orc high priest
  1357 | D        | Killed an orc knight
  1357 | D        | Reached skill level 5 in Shields
  1369 | D        | Found Vyboclis's Magic Scroll Emporium.
  1372 | D        | Killed an orc high priest
  1375 | D        | Noticed an orc high priest
  1393 | D        | Killed an orc knight
  1401 | D        | Noticed an orc sorcerer
  1407 | D        | Killed an orc knight
  1415 | D        | Found Ocyfuargh's Book Shoppe.
  1418 | D        | Killed an orc high priest
  1426 | D        | Killed an orc high priest
  1426 | D        | Reached XP level 12. HP: 91/128 MP: 9/9
  1696 | D        | Noticed a rakshasa
  1700 | D        | Noticed an ogre mage
  1705 | D        | Noticed an ettin
  1708 | D        | Noticed a deep troll shaman
  1709 | D        | Noticed a frost giant
  1710 | D        | Noticed an ettin
  1726 | D        | Killed a rakshasa
  1739 | D        | Killed an ettin
  1760 | D        | Killed a deep troll shaman
  1762 | D        | Killed an ogre mage
  1773 | D        | Killed a frost giant
  1773 | D        | Reached skill level 15 in Fighting
  1780 | D        | Killed an ettin
  1780 | D        | Reached skill level 10 in Shields
  1799 | D        | Bought the +5 plate armour "Valiack" {Regen+ Int-3 Dex+8} for 982 gold pieces
  1928 | D        | Noticed an entropy weaver
  1940 | D        | Killed an entropy weaver
  1952 | D        | Killed a ghost moth
  2007 | D        | Bought the +1 pair of boots "Xukh" {rC+ rN+ rCorr Int+6} for 872 gold pieces
  2031 | D        | Noticed an alligator snapping turtle
  2034 | D        | Noticed a merfolk impaler
  2056 | D        | Killed an alligator snapping turtle
  2064 | D        | Reached XP level 13. HP: 118/140 MP: 8/8
  2096 | D        | Killed a merfolk impaler
  2409 | D        | Noticed Aizul
  2436 | D        | Killed Aizul
  2622 | D        | Noticed an ettin
  2622 | D        | Noticed a frost giant
  2622 | D        | Noticed a sphinx
  2625 | D        | Killed an ettin
  2628 | D        | Noticed a vampire knight
  2643 | D        | Killed a frost giant
  2647 | D        | Noticed a green very ugly thing
  2653 | D        | Noticed a fire dragon
  2658 | D        | Noticed a fire dragon
  2662 | D        | Killed a sphinx
  2669 | D        | Killed a green very ugly thing
  2670 | D        | Noticed a stone giant
  2681 | D        | Noticed a green very ugly thing
  2683 | D        | Noticed a fire giant
  2690 | D        | Killed a fire dragon
  2699 | D        | Killed a vampire knight
  2703 | D        | Killed a fire dragon
  2711 | D        | Killed a stone giant
  2721 | D        | Killed a green very ugly thing
  2721 | D        | Reached skill level 15 in Shields
  2721 | D        | Gained mutation: You resist negative energy. (rN+) [Deep Dwarf growth]
  2721 | D        | Reached XP level 14. HP: 91/153 MP: 6/6
  2730 | D        | Killed a fire giant
  2929 | D        | Bought the +13 crystal plate armour "Vayll" {Int+7} for 2688 gold pieces
  2945 | D        | Bought the amulet of Vanity {Reflect Str+7 SH+5} for 1069 gold pieces
  3107 | D        | Noticed an ironheart preserver
  3124 | D        | Noticed a vault warden
  3145 | D        | Noticed a stone giant
  3149 | D        | Killed an ironheart preserver
  3159 | D        | Noticed a stone giant
  3183 | D        | Killed a vault warden
  3194 | D        | Killed a stone giant
  3198 | D        | Killed a stone giant
  3434 | D        | Bought the ring "Sone" {rF+ rC+++ MR- Dex-3 Slay+5} for 1317 gold pieces
  3636 | D        | Noticed Frederick
  3652 | D        | Killed Frederick
  3901 | D        | Noticed Sojobo
  3903 | D        | Noticed a tengu reaver
  3904 | D        | Noticed a tengu reaver
  3924 | D        | Noticed Margery
  3951 | D        | Killed Sojobo
  3958 | D        | Killed a tengu reaver
  3963 | D        | Killed a tengu reaver
  3974 | D        | Killed Margery
  3974 | D        | Reached XP level 15. HP: 80/166 MP: 5/5
  4137 | D        | Killed a ghost moth
  4149 | D        | Killed a ghost moth
  4158 | D        | Killed a ghost moth
  4174 | D        | Killed a ghost moth
  4187 | D        | Reached skill level 1 in Spellcasting
  4193 | D        | Got a gossamer rune of Zot
  4227 | D        | Noticed Ilsuiw
  4248 | D        | Killed Ilsuiw
  4312 | D        | Got a barnacled rune of Zot
  4351 | D        | Noticed a nagaraja
  4351 | D        | Noticed a nagaraja
  4359 | D        | Killed a nagaraja
  4359 | D        | Reached skill level 5 in Spellcasting
  4360 | D        | Noticed a nagaraja
  4366 | D        | Noticed a nagaraja
  4370 | D        | Killed a nagaraja
  4384 | D        | Killed a nagaraja
  4397 | D        | Killed a nagaraja
  4453 | D        | Got a serpentine rune of Zot
  4501 | D        | Reached XP level 16. HP: 173/182 MP: 15/15
  4565 | D        | Got a decaying rune of Zot
  4817 | D        | Reached skill level 10 in Spellcasting
  4875 | D        | Bought the +8 hand axe "Tacam" {freeze, rC+++ Str-3 SInv Stlth+} for 1497 gold pieces
  4910 | D        | Noticed a lich
  4916 | D        | Noticed a storm dragon
  4941 | D        | Killed a lich
  4956 | D        | Noticed a shadow dragon
  4960 | D        | Killed a storm dragon
  4963 | D        | Noticed a shadow dragon
  4996 | D        | Killed a shadow dragon
  5011 | D        | Killed a shadow dragon
  5073 | D        | Bought a +4 ring of protection for 648 gold pieces
  5084 | D        | Noticed a shadow dragon
  5084 | D        | Noticed a shadow dragon
  5084 | D        | Noticed a shadow dragon
  5088 | D        | Noticed a shadow dragon
  5091 | D        | Noticed a shadow dragon
  5129 | D        | Killed a shadow dragon
  5130 | D        | Noticed a titan
  5150 | D        | Killed a shadow dragon
  5178 | D        | Killed a shadow dragon
  5192 | D        | Killed a shadow dragon
  5192 | D        | Reached XP level 17. HP: 180/195 MP: 21/21
  5193 | D        | Identified the Handbook of Toxic Cold
  5224 | D        | Killed a titan
  5226 | D        | Got a silver rune of Zot
  5275 | D        | Noticed Nikola
  5294 | D        | Killed Nikola
  5360 | D        | Got the ring of the Curious Tables {rF+++ rN+++ Int+3 Slay-2 Stlth-}
  5363 | D        | Got the ring "Parip" {Wiz rPois rC++}
  5366 | D        | Got the ring "Plog" {*Corrode rC+ MR+ Int+4 SInv}
  5369 | D        | Got the ring of Dioskiej {MR+ Str+4}
  5372 | D        | Got the amulet of Xom's Whimsicality {Harm *Drain Dex+6 Stlth+}
  5391 | D        | Got the +0 helmet of the Disturbing Friends {rC+ MP+9 Int+2}
  5486 | D        | Noticed Boris
  5514 | D        | Killed Boris
  5544 | D        | Noticed Louise
  5554 | D        | Killed Louise
  5597 | D        | Reached skill level 27 in Armour
  5619 | D        | Reached skill level 27 in Axes
  5646 | D        | Noticed a golden dragon
  5646 | D        | Noticed a golden dragon
  5654 | D        | Killed a golden dragon
  5673 | D        | Killed a golden dragon
  5691 | D        | Reached skill level 15 in Spellcasting
  5934 | D        | Noticed a Killer Klown
  5960 | D        | Killed a Killer Klown
  6058 | D        | Noticed a tentacled monstrosity
  6058 | D        | Noticed a tentacled monstrosity
  6058 | D        | Noticed a tentacled monstrosity
  6066 | D        | Killed a tentacled monstrosity
  6066 | D        | Gained mutation: You passively map a large area around you. [Deep Dwarf growth]
  6066 | D        | Reached XP level 18. HP: 212/212 MP: 27/27
  6081 | D        | Killed a tentacled monstrosity
  6081 | D        | Reached skill level 27 in Shields
  6091 | D        | Killed a tentacled monstrosity
  6172 | D        | Noticed a golden dragon
  6232 | D        | Killed a golden dragon
  6232 | D        | Reached skill level 27 in Fighting
  6372 | D        | Noticed an Orb Guardian
  6372 | D        | Noticed an Orb Guardian
  6372 | D        | Noticed an Orb Guardian
  6372 | D        | Noticed an Orb Guardian
  6372 | D        | Noticed an Orb Guardian
  6372 | D        | Noticed an Orb Guardian
  6376 | D        | Noticed an Orb Guardian
  6384 | D        | Killed an Orb Guardian
  6388 | D        | Killed an Orb Guardian
  6391 | D        | Noticed an Orb Guardian
  6395 | D        | Killed an Orb Guardian
  6397 | D        | Noticed an Orb Guardian
  6405 | D        | Killed an Orb Guardian
  6406 | D        | Noticed an Orb Guardian
  6420 | D        | Killed an Orb Guardian
  6428 | D        | Killed an Orb Guardian
  6435 | D        | Killed an Orb Guardian
  6441 | D        | Killed an Orb Guardian
  6448 | D        | Killed an Orb Guardian
  6457 | D        | Killed an Orb Guardian
  6479 | D        | Noticed an Orb Guardian
  6479 | D        | Noticed an Orb Guardian
  6479 | D        | Noticed a curse toe
  6488 | D        | Noticed an Orb Guardian
  6490 | D        | Noticed an Orb Guardian
  6519 | D        | Killed an Orb Guardian
  6524 | D        | Killed an Orb Guardian
  6553 | D        | Killed a curse toe
  6556 | D        | Killed an Orb Guardian
  6558 | D        | Noticed an ancient lich
  6558 | D        | Noticed an orb of fire
  6565 | D        | Noticed an electric golem
  6577 | D        | Killed an Orb Guardian
  6580 | D        | Killed an ancient lich
  6594 | D        | Gained mutation: You are clumsy. (Dex -2) [an orb of fire]
  6597 | D        | Gained mutation: You are weak. (Str -2) [an orb of fire]
  6602 | D        | Gained mutation: You are frail. (-10% HP) [an orb of fire]
  6616 | D        | Killed an orb of fire
  6616 | D        | Reached XP level 19. HP: 64/203 MP: 37/37
  6634 | D        | Killed an electric golem
  6681 | D        | Noticed an electric golem
  6681 | D        | Noticed an orb of fire
  6681 | D        | Noticed an ancient lich
  6681 | D        | Noticed a Killer Klown
  6689 | D        | Noticed an orb of fire
  6713 | D        | Gained mutation: You are very frail. (-20% HP) [an orb of fire]
  6719 | D        | Killed an orb of fire
  6719 | D        | Reached skill level 27 in Spellcasting
  6719 | D        | Reached skill level 5 in Stealth
  6758 | D        | Killed an ancient lich
  6759 | D        | Gained mutation: You are very clumsy. (Dex -4) [an orb of fire]
  6775 | D        | Gained mutation: Your magical capacity is low. (-10% MP) [an orb of fire]
  6780 | D        | Killed an orb of fire
  6794 | D        | Noticed an electric golem
  6824 | D        | Killed a Killer Klown
  6841 | D        | Noticed a Killer Klown
  6841 | D        | Killed an electric golem
  6868 | D        | Reached skill level 10 in Throwing
  6868 | D        | Reached skill level 10 in Unarmed Combat
  6884 | D        | Killed a Killer Klown
  6922 | D        | Killed an electric golem
  6979 | D        | Reached skill level 15 in Stealth
  7125 | D        | Got the Orb of Zot
  7215 | D        | Noticed a lich
  7227 | D        | Paralysed by a lich for 3 turns
  7233 | D        | Killed a lich
  7233 | D        | Reached XP level 20. HP: 104/188 MP: 28/28
  7283 | D        | Reached skill level 15 in Throwing
  7283 | D        | Reached skill level 15 in Unarmed Combat
  7499 | D        | Got an elven rune of Zot
  7604 | D        | Paralysed by a floating eye for 4 turns
  7618 | D        | Paralysed by a floating eye for 2 turns
  7621 | D        | Noticed the Royal Jelly
  7639 | D        | Paralysed by a floating eye for 4 turns
  7650 | D        | Paralysed by a floating eye for 4 turns
  7672 | D        | Paralysed by a floating eye for 4 turns
  7685 | D        | Paralysed by a floating eye for 2 turns
  7696 | D        | Paralysed by a floating eye for 3 turns
  7698 | D        | Demolished by the Royal Jelly

Vault maps used:
D:        linesprint

Skill      XL: |  1  2  3  4  5  6  7  8  9 10 11 12 13 14 15 16 17 18 19 20 |
---------------+-------------------------------------------------------------+-----
Dodging        | 1 3 5 6 7 9 10 11 12 14 15 21 24 | 24.2
Fighting       | 3 4 5 6 7 8 9 11 12 14 15 17 19 21 23 25 27 | 27.0
Armour         | 4 5 6 7 8 9 10 11 13 14 16 18 20 22 24 26 27 | 27.0
Axes           | 3 4 5 6 8 9 10 11 12 14 16 18 20 22 24 26 27 | 27.0
Shields        | 7 11 15 18 20 23 26 27 | 27.0
Spellcasting   | 7 12 17 26 27 | 27.0
Throwing       | 14 18 | 18.0
Stealth        | 19 23 | 23.8
Unarmed Combat | 14 18 | 18.0

Action                   |  1- 3 |  4- 6 |  7- 9 | 10-12 | 13-15 | 16-18 | 19-21 || total
-------------------------+-------+-------+-------+-------+-------+-------+-------++-------
Melee: War axe           |    40 |       |       |       |       |       |       ||    40
       Broad axe         |     4 |    26 |    55 |   478 |   764 |   180 |       ||  1507
       Hand axe          |       |       |       |       |       |   959 |   641 ||  1600
Invok: Call Merchant     |       |       |       |     4 |     4 |     6 |     2 ||    16
       Potion Petition   |       |       |       |     3 |       |       |       ||     3
 Abil: Heal Wounds       |     1 |     1 |     2 |    18 |    19 |    23 |    30 ||    94
  Use: Potion            |     1 |     1 |     3 |    11 |     6 |     7 |     6 ||    35
       Scroll            |       |       |       |       |     2 |       |       ||     2
 Stab: Invisible         |       |       |     4 |     2 |       |       |       ||     6
       Distracted        |       |       |     1 |     5 |     6 |    14 |     9 ||    35
  Eat: Bread ration      |       |       |       |     1 |       |       |       ||     1
       Meat ration       |       |       |       |       |     3 |     2 |       ||     5
Armor: Scale mail        |    26 |       |       |       |       |       |       ||    26
       Plate armour      |     1 |    19 |    25 |   130 |    34 |       |       ||   209
       Crystal plate arm |       |       |       |       |    97 |   199 |   250 ||   546
Dodge: Dodged            |    26 |     9 |    50 |   135 |    48 |    60 |    68 ||   396
Block: Shield            |       |       |       |   277 |   647 |   836 |   612 ||  2372
       Reflection        |       |       |       |       |    29 |    10 |    18 ||    57
